 Dungeon Crawl Stone Soup version 0.30-a0-1074-g5db6f66fbb (webtiles) character file.

Game seed: 362882528167699246

371 NinjaNoafa the Chopper (level 6, 0/57 HPs)
             Began as a Hill Orc Monk on Apr 13, 2023.
             Slain by a centaur (2 damage)
             ... on level 5 of the Dungeon.
             The game lasted 00:06:29 (3687 turns).

NinjaNoafa the Chopper (Hill Orc Monk)              Turns: 3687, Time: 00:06:29

Health: 0/57       AC: 10    Str: 14 (16) XL:     6   Next: 71%
Magic:  6/6        EV:  7    Int:  8 (10) God:
Gold:   192        SH:  0    Dex: 15 (16) Spells: 5/5 levels left

rFire   . . .      SeeInvis .    a - +0 hand axe
rCold   . . .      Faith    .    d - orb {light}
rNeg    + . .      Spirit   .    p - +0 chain mail of Japlia {rN+ Will+ Dex+3}
rPois   .          Reflect  .    (no helmet)
rElec   .          Rampage  .    o - +0 cloak
rCorr   .                        (no gloves)
Will    +....                    (no boots) Stlth
                                 (no amulet)
HPRegen 0.29/turn                (no ring)
MPRegen 0.10/turn                (no ring)

@: brilliant, hasted, glowing, very quick
A: no striking features
a: no special abilities


You were on level 5 of the Dungeon.
You visited 1 branch of the dungeon, and saw 5 of its levels.
You also visited: Sewer.

You collected 192 gold pieces.

Inventory:

Hand Weapons
 a - a +0 hand axe (weapon)
Missiles
 c - 6 poisoned darts (quivered)
Armour
 d - an orb of light (worn)
 o - a +0 cloak (worn)
 p - the +0 chain mail of Japlia (worn) {rN+ Will+ Dex+3}
   (You found it on level 3 of the Dungeon)

   Dex:       It affects your dexterity (+3).
   rN:        It protects you from negative energy.
   Will:      It increases your willpower.
 u - a +0 pair of gloves
Scrolls
 b - 2 scrolls of noise {unknown}
 e - 6 scrolls of identify {unknown}
 f - a scroll of immolation {unknown}
 g - a scroll of fog {unknown}
 h - a scroll of teleportation {unknown}
 j - a scroll of blinking {unknown}
 m - a scroll of acquirement {unknown}
Potions
 i - a potion of mutation {unknown}
 k - 4 potions of degeneration
 l - a potion of brilliance
 n - a potion of attraction {unknown}
 q - a potion of invisibility {unknown}
 r - 2 potions of haste
 s - a potion of flight {unknown}
 t - a potion of cancellation {unknown}
 v - a potion of berserk rage {unknown}
 w - a potion of curing {unknown}


   Skills:
 - Level 6.0 Fighting
 + Level 6.9 Axes
 + Level 3.2 Armour
 - Level 2.4 Dodging
 - Level 1.5 Stealth


You had 5 spell levels left.
You didn't know any spells.
Your spell library contained the following spells:

 Spells                   Type           Power      Damage    Failure   Level
 Passage of Golubria      Tloc           0%         N/A       100%        4
 Silence                  Hex/Air        0%         N/A       100%        5
 Lehudib's Crystal Spear  Conj/Erth      0%         10d2      100%        8


Dungeon Overview and Level Annotations

Branches:
Dungeon (5/15)             Temple (0/1) D:5           Sewer (visited)

Altars:
Cheibriados
Gozag
Nemelex Xobeh
Qazlal
Xom
Zin


Message History

You hit the centaur.
The centaur is heavily wounded.
You hit the orc.
The centaur hits you but does no damage.
The centaur kicks you but does no damage.
The orc hits you with a +0 falchion.
* * * LOW HITPOINT WARNING * * *
The centaur closely misses you.
The centaur kicks you but does no damage.
Okay, then.
You slash the centaur!
The centaur is severely wounded.
You barely miss the orc. The orc barely misses you. The centaur hits you.
* * * LOW HITPOINT WARNING * * *
The centaur kicks you.
* * * LOW HITPOINT WARNING * * *
Unknown command.
It was a potion of degeneration.
There was something very wrong with that liquid.
You feel weakened.
You feel dopey.
You feel clumsy. The centaur hits you.
* * * LOW HITPOINT WARNING * * *
The centaur kicks you but does no damage.
The orc hits you with a +0 falchion.
* * * LOW HITPOINT WARNING * * *
It was a potion of brilliance.
You feel clever all of a sudden.
The centaur hits you but does no damage.
The centaur closely misses you. The orc hits you but does no damage.
The centaur closely misses you. The centaur barely misses you.
You hit the centaur but do no damage.
The centaur is severely wounded.
You barely miss the orc.
The centaur hits you but does no damage.
The centaur kicks you but does no damage.
The orc hits you but does no damage.
You feel yourself speed up.
The centaur hits you but does no damage.
The centaur kicks you.
You die...

#.##... .... .
#.##..##...#....## #.#
.......#.##.. ###.#
#.#.##....... #. .
.##.###.#....##.)# ..
..
...........#.....#.##..
.####.#..#.#.##......
.# #....#.....o##.# .#
###....##.>.@co# .#
#.##......##...... .#
#....#.##... ##.+# .#
#.##.#$...##.. .#
#.......#.. .# .#
#.##.#..# # ## .. .
.... #. ## #.###


You could see a centaur and 2 orcs.

Vanquished Creatures
  A jelly (D:4)
  2 orc priests (D:3)
  An iguana (D:4)
  7 gnolls
  3 adders
  5 river rats
  An ufetubus (D:3)
  A worm (D:4)
  A dart slug (D:3)
  3 orcs (D:3)
  4 bats
  10 endoplasms
  5 giant cockroaches
  9 goblins
  10 hobgoblins
  4 jackals (D:1)
  5 kobolds
  2 quokkas
  13 ball pythons
  12 frilled lizards
  13 rats
112 creatures vanquished.

Notes
Turn   | Place    | Note
-------+----------+-------------------------------------------
     0 | D:1      | NinjaNoafa the Hill Orc Monk began the quest for the Orb.
     0 | D:1      | Reached XP level 1. HP: 19/19 MP: 1/1
    59 | D:1      | Reached XP level 2. HP: 20/27 MP: 2/2
   204 | D:1      | Reached XP level 3. HP: 34/34 MP: 3/3
   495 | D:2      | Found a faded altar of an unknown god.
   554 | D:2      | Reached skill level 5 in Axes
  1100 | D:2      | Reached XP level 4. HP: 28/41 MP: 4/4
  1583 | D:3      | Reached skill level 5 in Fighting
  1902 | D:3      | Found a shimmering altar of Xom.
  1903 | D:3      | Found a snail-covered altar of Cheibriados.
  1903 | D:3      | Found an opulent altar of Gozag.
  1905 | D:3      | Found a stormy altar of Qazlal.
  1908 | D:3      | Found a sparkling altar of Nemelex Xobeh.
  1939 | D:3      | Identified the +0 chain mail of Japlia {rN+ Will+ Dex+3}
  2247 | D:3      | Reached skill level 1 in Armour
  2247 | D:3      | Reached XP level 5. HP: 14/48 MP: 5/5
  2710 | D:4      | Found a glowing drain.
  2735 | D:4      | Reached XP level 6. HP: 41/57 MP: 6/6
  2773 | Sewer    | Entered a sewer
  3391 | D:4      | Found a glowing silver altar of Zin.
  3619 | D:5      | Entered Level 5 of the Dungeon
  3667 | D:5      | Found a staircase to the Ecumenical Temple.
  3684 | D:5      | HP: 2/57 [orc/+0 falchion (1)]
  3687 | D:5      | Slain by a centaur

Illustrated notes

Levels and vault maps discovered:
D:1:      minmay_arrival_diagonal_passages, layout_rooms
D:2:      layout_loops_corners, ebering_ecumenical_altar_abandoned,
          kennysheep_big_empty_room
D:3:      layout_loops_corners, minitemple, dk_noncrumbling_3,
          minmay_misc_feat_roman
D:4:      layout_rooms, mainiacjoe_overflow_alcove_1, portal_sewer_entry_b,
          due_unseen_surprise
D:5:      layout_loops_corners, minmay_temple_entry_ruins, uniq_blork_the_orc

Skill      XL: |  1  2  3  4  5  6 |
---------------+-------------------+-----
Fighting       | 4 5 6 |  6.0
Axes           | 5 6 |  6.9
Armour         | 1 2 3 |  3.2
Dodging        | |  2.4
Stealth        | |  1.5

Action                     |  1- 3 |  4- 6 || total
---------------------------+-------+-------++-------
  Melee: Hand axe          |   108 |   250 ||   358
    Use: Potion            |     1 |     7 ||     8
 Armour: Robe              |    31 |     1 ||    32
         Chain mail        |       |   138 ||   138
         Plate armour      |       |    16 ||    16
         Scale mail        |       |     7 ||     7
  Dodge: Dodged            |    94 |   125 ||   219

Table legend: (Time is in decaauts)
 A = Elapsed time spent in this place.
 B = Non-inter-level travel time spent in this place.
 C = Inter-level travel time spent in this place.
 D = Time resting spent in this place.
 E = Time spent auto-exploring this place.
 F = Levels seen in this place.
 G = Mean time per level.
                   A        B        C        D        E       F      G
               +--------+--------+--------+--------+--------+-----+--------+
         Total |   3716 |   3434 |    282 |    214 |   2260 |   6 |  619.3 |
       Dungeon |   3152 |   2870 |    282 |     71 |   2033 |   5 |  630.4 |
         Sewer |    564 |    564 |      0 |    143 |    226 |   1 |  564.0 |
               +--------+--------+--------+--------+--------+-----+--------+

Top non-repeatable levels by time:
     D:3: 1147 daAuts
     D:2: 1037 daAuts
   Sewer: 564 daAuts
     D:1: 513 daAuts
     D:4: 386 daAuts
     D:5: 67 daAuts
